 Dungeon Crawl Stone Soup version 0.27.0-1-g7a089689b8 (webtiles) character file.

Game seed: 7325318096507696309

352 gimp the Charlatan (level 6, -5/60 HPs)
             Began as a Deep Dwarf Artificer on Aug 7, 2021.
             Was an Initiate of Makhleb.
             Slain by an orc (15 damage)
             ... on level 5 of the Dungeon.
             The game lasted 00:11:01 (3196 turns).

gimp the Charlatan (Deep Dwarf Artificer)           Turns: 3196, Time: 00:11:01

Health: -5/60      AC:  7    Str: 17    XL:     6   Next: 34%
Magic:  3/3        EV:  7    Int: 14    God:    Makhleb [......]
Gold:   128        SH:  0    Dex: 13    Spells: 5/5 levels left

rFire    . . .     SeeInvis .   j - +0 battleaxe
rCold    . . .     Faith    .   (shield currently unavailable)
rNeg     . . .     Spirit   .   f - +0 chain mail
rPois    .         Reflect  .   (no helmet)
rElec    .         Harm     .   (no cloak)
rCorr    .         Rampage  .   (no gloves)
Will     .....                  b - +2 pair of boots
Stlth    ..........             (no amulet)
HPRegen  0.00/turn              (no ring)
MPRegen  0.08/turn              (no ring)

@: confused
A: damage resistance, heal wounds, sense surroundings 1, no regeneration, large
bone plates 1, clever 1, deformed body
a: Heal Wounds, Renounce Religion


You were on level 5 of the Dungeon.
You worshipped Makhleb.
Makhleb was noncommittal.
You visited 2 branches of the dungeon, and saw 6 of its levels.

You collected 128 gold pieces.

Inventory:

Hand Weapons
 i - a +0 dagger
 j - a +0 battleaxe (weapon)
Armour
 b - a +2 pair of boots (worn)
 f - a +0 chain mail (worn)
Wands
 c - a wand of flame (8) (quivered)
 d - a wand of charming (26)
 g - a wand of mindburst (17)
Scrolls
 a - 3 scrolls of teleportation
Potions
 h - a potion of might
Miscellaneous
 e - a piece from Xom's chessboard (15/15)


   Skills:
 - Level 4.8 Fighting
 + Level 0.2 Axes
 - Level 2.1 Armour
 - Level 1.1 Dodging
 - Level 1.2 Stealth
 - Level 6.3 Evocations


You had 5 spell levels left.
You didn't know any spells.
Your spell library was empty.

Dungeon Overview and Level Annotations

Branches:
Dungeon (5/15)             Temple (1/1) D:4

Altars:
Dithmenos
Elyvilon
Gozag
Hepliaklqana
Kikubaaqudgha
Makhleb
Nemelex Xobeh
Qazlal
Ru
Sif Muna
Trog
Uskayaw
Vehumet
Wu Jian
Xom
Zin
The Shining One

Shops:
D:2 :   D:3 (


Innate Abilities, Weirdness & Mutations

You are resistant to damage.
You can heal yourself by infusing magical energy.
You passively map a small area around you.
You do not regenerate.
You are partially covered in large bone plates. (SH +4)
Your mind is acute. (Int +2)
Armour fits poorly on your strangely shaped body.


Message History

An orc wizard appears from thin air!
Reactivating autopickup.
The orc wizard casts a spell at you.
You easily resist.
The orc barely misses you.
Deactivating autopickup; reactivate with Ctrl-A.
You closely miss something. You closely miss the orc wizard.
You barely miss the orc. The orc wizard casts a spell at you.
The magic dart hits you.
The orc hits you with a +2 hand axe of electrocution.
You hear some strange, mumbled words.
A puff of flame appears from out of thin air!
The puff of flame hits you.
The orc wizard hits you but does no damage.
The orc closely misses you. Something hits you but does no damage.
You take 6 damage, and have 27/60 hp.
You closely miss the orc.
The orc is moderately wounded.
You closely miss the orc wizard. You barely miss something.
The orc wizard hits you but does no damage.
The orc hits you but does no damage.
You are electrocuted!!
* * * LOW HITPOINT WARNING * * *
Something hits you but does no damage.
You take 17 damage, and have 10/60 hp.
MASSIVE DAMAGE!!
Okay, then.
Okay, then.
Your magical effects are unravelling.
You feel magically purged.
You feel less confused. The orc wizard casts a spell at you.
You are confused.
The orc barely misses you. Something hits you but does no damage.
Okay, then.
The orc wizard barely misses you.
You bump into the rock wall.
The orc hits you with a +2 hand axe of electrocution.
The orc wizard completely misses you.
The orc hits you with a +2 hand axe of electrocution.
You are electrocuted!
You die...

#.........# *
*#........# *
*#.......#
#.......##
#.#......# .
#>##.....# *
...##...#....# ,
.......)..#..# * ,
......)...o@.###
.....###..o....####
....*
#####......#### ...
#####.....#### * ,
* ####.....#### *
###......# * *
##...... ##.....
##....


You could see an orc wizard and an orc.

Vanquished Creatures
  2 scorpions
  A hound (D:4)
  2 centaur skeletons (D:4)
  An orc wizard (D:4)
  4 adders
  A dart slug (D:2)
  8 orcs
  5 bats
  9 endoplasms
  6 giant cockroaches
  5 goblins
  4 hobgoblins
  3 jackals (D:2)
  6 quokkas
  7 ball pythons
  4 frilled lizards
  4 kobolds
  4 rats
76 creatures vanquished.

Notes
Turn   | Place    | Note
-------+----------+-------------------------------------------
     0 | D:1      | gimp the Deep Dwarf Artificer began the quest for the Orb.
     0 | D:1      | Reached XP level 1. HP: 16/16 MP: 1/1
    17 | D:1      | Reached skill level 1 in Fighting
    88 | D:1      | Reached XP level 2. HP: 8/25 MP: 2/2
   696 | D:2      | Reached XP level 3. HP: 32/32 MP: 3/3
   837 | D:2      | Found Zixzu's Book Shop.
  1636 | D:3      | Found Poaxiduf's Weapon Boutique.
  1760 | D:3      | Reached XP level 4. HP: 27/40 MP: 4/4
  2222 | D:4      | Found a staircase to the Ecumenical Temple.
  2236 | D:3      | Reached skill level 5 in Evocations
  2298 | D:4      | Found an ornate altar of the Wu Jian Council.
  2300 | D:4      | Found a shimmering altar of Xom.
  2377 | D:4      | Reached XP level 5. HP: 21/50 MP: 4/4
  2436 | Temple   | Entered the Ecumenical Temple
  2452 | Temple   | Became a worshipper of Makhleb the Destroyer
  2459 | D:4      | Gained mutation: Armour fits poorly on your strangely
                  | shaped body. [potion of mutation]
  2459 | D:4      | Gained mutation: You are partially covered in large bone
                  | plates. (SH +4) [potion of mutation]
  2459 | D:4      | Gained mutation: Your mind is acute. (Int +2) [potion of
                  | mutation]
  2705 | D:4      | Reached skill level 6 in Evocations
  2887 | D:4      | Reached XP level 6. HP: 27/58 MP: 4/4
  3090 | D:5      | Entered Level 5 of the Dungeon
  3196 | D:5      | Slain by an orc

Illustrated notes

Levels and vault maps discovered:
D:1:      dpeg_arrival_lava_altar, layout_basic
D:2:      layout_loops_ring, serial_shops, nicolae_shop_trees
D:3:      layout_basic, serial_shops, shop_fountains
D:4:      layout_gridville, mainiacjoe_overflow_large_starburst,
          temple_fountains
D:5:      layout_cave_pods, serial_shops, nicolae_shop_trees, st_stairs_6
Temple:   minmay_freezing_vapour_temple

Skill      XL: |  1  2  3  4  5 |
---------------+----------------+-----
Fighting       | 1 2 3 4 |  4.8
Evocations     | 5 6 |  6.3
Axes           | |  0.2
Armour         | |  2.1
Dodging        | |  1.1
Stealth        | |  1.2

Action                   |  1- 3 |  4- 6 || total
-------------------------+-------+-------++-------
Melee: Club              |    40 |       ||    40
       Dagger            |   244 |   167 ||   411
       Battleaxe         |       |    15 ||    15
 Abil: Heal Wounds       |     3 |     9 ||    12
Evoke: Wand              |     2 |     6 ||     8
       Piece from Xom's  |     8 |     7 ||    15
  Use: Scroll            |       |     6 ||     6
       Potion            |       |     4 ||     4
 Stab: Sleeping          |     2 |       ||     2
       Confused          |     2 |       ||     2
Armor: Leather armour    |    31 |       ||    31
       Ring mail         |    76 |    36 ||   112
       Skin              |       |    21 ||    21
       Chain mail        |       |    60 ||    60
Dodge: Dodged            |   153 |    83 ||   236
Block: Other             |       |    17 ||    17
